 Dungeon Sprint DCSS version 0.31.0-32-g396128a36d (webtiles) character file.

Game seed: 10048744092331641265

333 Heoruswealwe the Spear-Bearer (level 6, -4/62 HPs)
             Began as a Minotaur Fighter on Mar 21, 2024.
             Was an Initiate of Gozag.
             Slain by a shadow (7 damage)
             ... in the Dungeon (Sprint IX: "|||||||||||||||||||||||||||||").
             The game lasted 00:01:24 (122 turns).

Heoruswealwe the Spear-Bearer (Minotaur Fighter)     Turns: 122, Time: 00:01:25

Health: -4/62      AC:  8    Str: 22    XL:     6   Next: 27%
Magic:  5/5        EV:  9    Int:  5    God:    Gozag
Gold:   0          SH:  4    Dex: 10    Spells: 5/5 levels left

rFire   . . .        a - +0 trident
rCold   . . .        d - +0 buckler
rNeg    . . .        c - +0 scale mail
rPois   .            (helmet restricted)
rElec   .            (no cloak)
rCorr   .            (no gloves)
SInv    .            (no boots)
Will    .....        (no amulet) Stlth
                     (no ring)
HPRegen 0.30/turn    (no ring)
MPRegen 0.09/turn

%: no teleportation
@: gold aura
A: horns 2, retaliatory headbutt
a: Renounce Religion, Potion Petition, Call Merchant, Bribe Branch


You were in the Dungeon.
You worshipped Gozag.
Gozag was noncommittal.
You visited 1 branch

Inventory:

Hand Weapons
 a - a +0 trident (weapon)
Armour
 c - a +0 scale mail (worn)
 d - a +0 buckler (worn)
Jewellery
 k - a +2 ring of protection
 l - a +3 ring of strength
Wands
 h - a wand of roots (10)
Scrolls
 j - 2 scrolls of blinking
Potions
 b - a potion of might
 e - 4 potions of curing
 f - 3 potions of heal wounds
 g - a potion of haste
 i - a potion of berserk rage


   Skills:
 + Level 8.8 Fighting
 * Level 11.5 Polearms
 + Level 8.8 Armour
 - Level 3.6 Shields


You had 5 spell levels left.
You didn't know any spells.
Your spell library was empty.

Dungeon Overview and Level Annotations

Branches:
Dungeon (1/1)

Altars:
Cheibriados
Dithmenos
Elyvilon
Fedhas
Gozag
Hepliaklqana
Kikubaaqudgha
Makhleb
Nemelex Xobeh
Okawaru
Qazlal
Ru
Sif Muna
Trog
Uskayaw
Vehumet
Wu Jian
Xom
Yredelemnul
Zin
The Shining One
Jiyva
Lugonu


Innate Abilities, Weirdness & Mutations

You have a pair of horns on your head.
You reflexively headbutt those who attack you in melee.


Message History

You closely miss something. Your headbutt misses something.
The vampire mosquito is distracted by your dazzling golden aura.
The centaur is distracted by your dazzling golden aura.
The shadow strikes at you from the darkness!
Reactivating autopickup.
The centaur shouts!
The vampire mosquito buzzes angrily.
You hit the shadow but do no damage. You closely miss the shadow.
The vampire mosquito is no longer distracted by gold.
The vampire mosquito is distracted by your dazzling golden aura.
The wyvern is distracted by your dazzling golden aura.
The shadow slips into darkness.
The shadow flickers and vanishes!
Deactivating autopickup; reactivate with Ctrl-A.
You closely miss something.
The wyvern is no longer distracted by gold.
The shadow strikes at you from the darkness!
* * * LOW HITPOINT WARNING * * *
Reactivating autopickup.
The vampire mosquito buzzes angrily.
You hit the shadow but do no damage.
The centaur is no longer distracted by gold.
You block the shadow's attack.
You hit the shadow. Your headbutt misses the shadow.
The shadow is lightly damaged.
You hit the shadow.
The shadow is lightly damaged.
The vampire mosquito is no longer distracted by gold.
The shadow hits you.
The wyvern is distracted by your dazzling golden aura.
You puncture the shadow!
The shadow is heavily damaged.
The shadow hits you.
You hit the shadow but do no damage.
The shadow is heavily damaged.
The wyvern is no longer distracted by gold.
The shadow hits you!
You die...
Your body crumbles into a pile of gold. ▓▓▓▓▓▓▓▓▓▓▓▓▓▓▓▓▓▓▓▓▓▓▓▓ _______'!?).[[[.@Wcyk{.. ▓▓▓▓▓▓▓▓▓▓▓▓▓▓▓▓▓▓▓▓▓▓▓▓

You could see a wyvern, a vampire mosquito, a shadow and a centaur.

Vanquished Creatures
  A shadow (D)
  An ogre (D)
  A scorpion (D)
  A bombardier beetle (D)
  A dart slug (D)
  An orc (D)
  A ball python (D)
  A hobgoblin (D)
  A kobold (D)
  2 bats (D)
11 creatures vanquished.

Notes
Turn   | Place    | Note
-------+----------+-------------------------------------------
     0 | D        | Heoruswealwe the Minotaur Fighter began the quest for the
                  | Orb.
     0 | D        | Reached XP level 1. HP: 19/19 MP: 0/0
     9 | D        | Reached skill level 3 in Polearms
    19 | D        | Noticed a bombardier beetle
    19 | D        | Noticed a scorpion
    19 | D        | Noticed an ogre
    21 | D        | Reached skill level 4 in Polearms
    21 | D        | Reached XP level 2. HP: 28/28 MP: 1/1
    27 | D        | Killed a bombardier beetle
    28 | D        | Reached skill level 5 in Fighting
    28 | D        | Reached skill level 5 in Polearms
    28 | D        | Reached skill level 5 in Armour
    28 | D        | Reached XP level 3. HP: 36/36 MP: 2/2
    32 | D        | Killed a scorpion
    33 | D        | Reached skill level 7 in Polearms
    33 | D        | Reached XP level 4. HP: 42/45 MP: 3/3
    37 | D        | Killed an ogre
    38 | D        | Reached skill level 9 in Polearms
    38 | D        | Reached XP level 5. HP: 46/52 MP: 4/4
    46 | D        | Found a snail-covered altar of Cheibriados.
    46 | D        | Found a shadowy altar of Dithmenos.
    46 | D        | Found a white marble altar of Elyvilon.
    46 | D        | Found a blossoming altar of Fedhas.
    46 | D        | Found an opulent altar of Gozag.
    47 | D        | Found a hazy altar of Hepliaklqana.
    48 | D        | Found a viscous altar of Jiyva.
    49 | D        | Found an ancient bone altar of Kikubaaqudgha.
    50 | D        | Found a corrupted altar of Lugonu.
    51 | D        | Found a burning altar of Makhleb.
    52 | D        | Found a sparkling altar of Nemelex Xobeh.
    53 | D        | Found an iron altar of Okawaru.
    54 | D        | Became a worshipper of Gozag Ym Sagoz the Greedy
    55 | D        | Found a stormy altar of Qazlal.
    56 | D        | Found a sacrificial altar of Ru.
    57 | D        | Found a shimmering blue altar of Sif Muna.
    58 | D        | Found a bloodstained altar of Trog.
    59 | D        | Found a hide-covered altar of Uskayaw.
    60 | D        | Found a radiant altar of Vehumet.
    61 | D        | Found an ornate altar of the Wu Jian Council.
    62 | D        | Found a shimmering altar of Xom.
    63 | D        | Found a basalt altar of Yredelemnul.
    64 | D        | Found a glowing silver altar of Zin.
    65 | D        | Found a glowing golden altar of the Shining One.
   101 | D        | Noticed a shadow
   101 | D        | Noticed a shadow
   101 | D        | Noticed a centaur
   101 | D        | Noticed a vampire mosquito
   101 | D        | Noticed a wyvern
   101 | D        | Noticed a shadow
   110 | D        | Killed a shadow
   111 | D        | Reached skill level 11 in Polearms
   111 | D        | Reached XP level 6. HP: 50/62 MP: 5/5
   117 | D        | HP: 2/62 [something (30)]
   122 | D        | Slain by a shadow

Illustrated notes

Levels and vault maps discovered:
D:        linesprint [early_d, line_temple, items_1, d_10, items_2, lair_1,
          lair_end, items_3, orc_1, orc_end, items_4, d_15, swamp_1, shoals_1,
          snake_1, spider_1, d_20, vaults_1, items_5, swamp_end, shoals_end,
          snake_end, spider_end, vaults_end, d_27, items_6, zot_1, zot_end,
          crypt_end, forest_end, elf_end, slime_end, tomb_end, abyss_end,
          pan_hell_end]

Skill      XL: |  1  2  3  4  5 |
---------------+----------------+-----
Polearms       | 4 5 7 9 11 | 11.5
Fighting       | 4 5 6 7 8 |  8.8
Armour         | 4 5 6 7 8 |  8.8
Shields        | |  3.6

Action                     |  1- 3 |  4- 6 || total
---------------------------+-------+-------++-------
  Melee: Trident           |    19 |    26 ||    45
         Headbutt          |     3 |     3 ||     6
    Use: Potion            |     1 |       ||     1
 Armour: Scale mail        |    10 |    10 ||    20
  Dodge: Dodged            |    11 |     2 ||    13
  Block: Buckler           |     2 |     4 ||     6
